 Dungeon Crawl Stone Soup version 0.21-a0-531-gacddea6 (webtiles) character file.

595 slep the Chopper (level 7, -1/52 HPs)
             Began as a Demonspawn Gladiator on Dec 13, 2017.
             Slain by Pikel
             ... wielding a +0 whip of freezing
              (3 damage)
             ... on level 3 of the Dungeon.
             The game lasted 00:11:42 (3017 turns).

slep the Chopper (Demonspawn Gladiator)             Turns: 3017, Time: 00:11:43

Health: -1/52      AC:  6    Str: 16    XL:     7   Next: 16%
Magic:  7/7        EV: 14    Int: 10    God:
Gold:   173        SH:  0    Dex: 18    Spells: 6/6 levels left

rFire    . . .     SeeInvis .   a - +0 war axe
rCold    . . .     Gourm    .   (no shield)
rNeg     . . .     Faith    .   b - +0 leather armour
rPois    .         Spirit   .   g - +1 helmet
rElec    .         Reflect  .   (no cloak)
rCorr    .         Harm     .   (no gloves)
MR       .....                  m - +0 pair of boots (curse)
Stlth    +++.......             (no amulet)
HPRegen  0.17/turn              (no ring)
MPRegen  0.10/turn              (no ring)

@: no status effects
A: thin skeletal structure 2, powered by death 2
a: no special abilities


You were on level 3 of the Dungeon.
You were hungry.

You visited 1 branch of the dungeon, and saw 4 of its levels.
You also visited: Sewer.

You collected 173 gold pieces.

Inventory:

Hand Weapons
 a - a +0 war axe (weapon)
Missiles
 d - 3 throwing nets (quivered)
 A - 3 poisoned javelins
Armour
 b - a +0 leather armour (worn)
 c - a +0 helmet
 g - a +1 helmet (worn)
 m - a cursed +0 pair of boots (worn)
Jewellery
 v - a +3 ring of evasion {unknown}
Scrolls
 e - a scroll of random uselessness {unknown}
 i - a scroll of fog {unknown}
 k - a scroll of enchant armour {unknown}
 l - a scroll of enchant weapon {unknown}
 n - 5 scrolls of identify {unknown}
 p - 3 scrolls of teleportation {unknown}
 t - a scroll of immolation {unknown}
 u - a scroll of magic mapping {unknown}
 x - a scroll of blinking {unknown}
 y - a scroll of fear {unknown}
Potions
 h - a potion of mutation {unknown}
 j - 3 potions of curing {unknown}
 o - a potion of flight {unknown}
 r - 3 potions of magic {unknown}
 s - a potion of haste {unknown}
Comestibles
 f - 2 bread rations
 q - a meat ration
 z - a royal jelly


   Skills:
 + Level 3.0 Fighting
 + Level 5.7 Axes
 + Level 1.9 Throwing
 + Level 2.5 Armour
 + Level 4.0 Dodging
 + Level 1.1 Stealth


You had 6 spell levels left.
You didn't know any spells.

Dungeon Overview and Level Annotations

Branches:
Dungeon (4/15)
 Temple: D:4-7

Altars:

Annotations:
D:2 1 runed door
D:3 Pikel


Innate Abilities, Weirdness & Mutations

You have a moderately thin skeletal structure. (Dex +4, Stealth+)
You regenerate health from kills.


Message History

Pikel freezes you.
* * * LOW HITPOINT WARNING * * *
Pikel barely misses you.
You barely miss Pikel.
Pikel is heavily wounded.
Pikel barely misses you.
You hit Pikel but do no damage.
Pikel is heavily wounded.
You feel sick.
You are no longer poisoned.
Pikel barely misses you.
You closely miss Pikel.
Pikel is heavily wounded.
Pikel closely misses you.
You slash Pikel!
Pikel is almost dead.
Pikel hits you with a whip of freezing.
* * * LOW HITPOINT WARNING * * *
Pikel freezes you.
You die...

################
#...............
#.############## #########
#####.###.......# #
<.......######...............#
#
#######.........@K.(...####..#
# #..#####.###...### #..# #
#..# #.# ###.# #..#### #..#
#.# #.# #...... #### #.# #.#
##.#### #.# #.# #.....
#.#####.# ######
#.......########.†..
#######.##..........


You could see Pikel.

Vanquished Creatures
  5 big kobolds (Sewer)
  Natasha (D:3)
  Robin (D:2)
  3 river rats (Sewer)
  8 adders
  3 oozes
  5 worms
  2 dart slugs (D:1)
  7 leopard geckos
  An orc (D:3)
  5 giant cockroaches
  8 goblins
  8 hobgoblins
  13 kobolds
  2 quokkas
  5 ball pythons (Sewer)
  3 bats
  A frilled lizard (D:2)
  7 rats
88 creatures vanquished.

Notes
Turn   | Place    | Note
-------+----------+-------------------------------------------
     0 | D:1      | slep the Demonspawn Gladiator began the quest for the Orb.
     0 | D:1      | Reached XP level 1. HP: 16/16 MP: 1/1
   261 | D:1      | Gained mutation: You have a somewhat thin skeletal structure. (Dex +2, Stealth) [demonic ancestry]
   261 | D:1      | Reached XP level 2. HP: 22/22 MP: 2/2
   384 | D:1      | Reached skill level 3 in Axes
   488 | D:1      | Gained mutation: You regenerate a little health from kills. [demonic ancestry]
   488 | D:1      | Reached XP level 3. HP: 26/27 MP: 3/3
  1255 | D:2      | Found a runed door.
  1308 | D:2      | Noticed Robin
  1318 | D:2      | Killed Robin
  1318 | D:2      | Gained mutation: You have a moderately thin skeletal structure. (Dex +4, Stealth+) [demonic ancestry]
  1318 | D:2      | Reached XP level 4. HP: 30/33 MP: 4/4
  1420 | D:2      | You fall through a shaft!
  1422 | D:3      | Found a glowing drain.
  1455 | Sewer    | Entered a sewer
  1471 | Sewer    | Noticed a big kobold
  1471 | Sewer    | Noticed a big kobold
  1487 | Sewer    | Killed a big kobold
  1487 | Sewer    | Reached skill level 4 in Axes
  1487 | Sewer    | Reached skill level 1 in Armour
  1487 | Sewer    | Reached XP level 5. HP: 21/39 MP: 5/5
  1829 | Sewer    | Reached skill level 1 in Stealth
  1829 | Sewer    | Gained mutation: You regenerate health from kills. [demonic ancestry]
  1829 | Sewer    | Reached XP level 6. HP: 28/46 MP: 6/6
  1854 | Sewer    | Reached skill level 5 in Axes
  2192 | Sewer    | Reached XP level 7. HP: 36/51 MP: 7/7
  2586 | D:3      | Noticed Natasha
  2595 | D:3      | Killed Natasha
  2984 | D:4      | Noticed Pikel
  3017 | D:3      | HP: 2/52 [Pikel/whip of freezing (6)]
  3017 | D:3      | Slain by Pikel

Vault maps used:
D:1:      dpeg_arrival_tiny_a
D:2:      uniq_crazy_yiuf_cottage, uniq_robin
D:3:      portal_sewer_entry_f, first_bread, uniq_natasha
D:4:      chequers_temple_overflow_statue_of_worship, minmay_temple_entry_hall,
          nicolae_qazlal_eye_of_the_storm, uniq_menkaure, uniq_blork_the_orc,
          uniq_ijyb, uniq_grinder, uniq_pikel
Sewer:    sewer_co_tree

Skill      XL: |  1  2  3  4  5  6  7 |
---------------+----------------------+-----
Dodging        | 3 4 |  4.0
Axes           | 3 4 5 |  5.7
Armour         | 1 2 |  2.5
Stealth        | 1 |  1.1
Fighting       | 3 |  3.0
Throwing       | |  1.9

Action                   |  1- 3 |  4- 6 |  7- 9 || total
-------------------------+-------+-------+-------++-------
Melee: War axe           |    86 |   181 |    75 ||   342
 Stab: Sleeping          |     6 |       |     4 ||    10
  Eat: Chunk             |     1 |     4 |     2 ||     7
Armor: Leather armour    |    25 |    33 |    24 ||    82
Dodge: Dodged            |    75 |    98 |    62 ||   235

Table legend:
 A = Spawn XP
 B = Non-spawn XP
 C = Spawn XP percentage of total XP
 D = Spawn monster count
 E = Non-spawn monster count
 F = Spawn count percentage of total count
 G = Total turns spent on level
                    A         B        C        D         E        F      G
               +---------+---------+-------+---------+---------+-------+---------
         Total |       0 |     850 |   0.0 |       0 |      88 |   0.0 |  3017
               +---------+---------+-------+---------+---------+-------+---------
           D:1 |       0 |      56 |   0.0 |       0 |      21 |   0.0 |   787
           D:2 |       0 |      65 |   0.0 |       0 |      21 |   0.0 |   633
           D:3 |       0 |     113 |   0.0 |       0 |      17 |   0.0 |   782
           D:4 |       0 |      13 |   0.0 |       0 |       1 |   0.0 |    35
         Sewer |       0 |     603 |   0.0 |       0 |      28 |   0.0 |   780
               +---------+---------+-------+---------+---------+-------+---------
